 Dungeon Crawl Stone Soup version 0.28.0-1-gb440e238dd (webtiles) character file.

Game seed: 16409808900014157950

3358 Leshista the Cleaver (level 9, -1/81 HPs)
             Began as a Minotaur Berserker on Feb 20, 2022.
             Was an Elder of Trog.
             Slain by a skeletal warrior (18 damage)
             ... led by a skeletal warrior
             ... on level 8 of the Dungeon.
             The game lasted 00:28:26 (7911 turns).

Leshista the Cleaver (Minotaur Berserker)           Turns: 7911, Time: 00:28:27

Health: -1/81      AC: 19    Str: 26    XL:     9   Next: 73%
Magic:  8/8        EV:  6    Int:  4    God:    Trog [****..]
Gold:   221        SH:  7    Dex: 10    Spells: 8/8 levels left

rFire   . . .      SeeInvis .   p - +4 war axe (vorpal)
rCold   . . .      Faith    +   A - +0 kite shield
rNeg    . . .      Spirit   .   u - +0 plate armour
rPois   .          Reflect  .   (helmet restricted)
rElec   .          Harm     .   s - +0 cloak
rCorr   .          Rampage  .   l - +2 pair of gloves
Will    .....                   (no boots)
Stlth   ..........              t - amulet of faith
HPRegen 0.23/turn               (no ring)
MPRegen 0.11/turn               (no ring)

@: about to teleport
A: horns 2, retaliatory headbutt
a: Renounce Religion, Berserk, Trog's Hand, Brothers in Arms


You were on level 8 of the Dungeon.
You worshipped Trog.
Trog was greatly pleased with you.
You visited 2 branches of the dungeon, and saw 9 of its levels.

You collected 344 gold pieces.
You spent 123 gold pieces at shops.

Inventory:

Hand Weapons
 a - a +0 hand axe
 p - a +4 vorpal war axe (weapon)
 r - a +3 quarterstaff of chaos
Missiles
 n - 2 throwing nets (quivered)
 x - a silver boomerang
Armour
 b - a +0 animal skin
 g - a +0 chain mail
 l - a +2 pair of gloves (worn)
 s - a +0 cloak (worn)
 u - a +0 plate armour (worn)
 A - a +0 kite shield (worn)
Jewellery
 m - an amulet of guardian spirit
 t - an amulet of faith (around neck)
Wands
 c - a wand of iceblast (6)
Scrolls
 j - 2 scrolls of teleportation
 v - a scroll of acquirement {unknown}
 w - a scroll of fog {unknown}
 y - 4 scrolls of amnesia {unknown}
 B - a scroll of enchant armour {unknown}
Potions
 d - a potion of flight {unknown}
 e - a potion of invisibility {unknown}
 f - a potion of attraction {unknown}
 h - a potion of might {unknown}
 i - a potion of ambrosia
 k - 2 potions of heal wounds
 o - 3 potions of curing
 q - a potion of brilliance
 z - a potion of lignification {unknown}


   Skills:
 * Level 7.9 Fighting
 * Level 11.4 Axes
 * Level 10.1 Armour
 + Level 3.0 Dodging
 * Level 2.1 Shields


You had 8 spell levels left.
You didn't know any spells.
Your spell library contained the following spells:

 Spells                   Type           Power      Damage    Failure   Level
 Shock                    Conj/Air       0%         1d3       100%        1
 Swiftness                Air            0%         N/A       100%        3
 Airstrike                Air            0%         N/A       100%        4


Dungeon Overview and Level Annotations

Branches:
Dungeon (8/15)             Temple (1/1) D:6
   Lair: D:8-11

Altars:
Cheibriados
Dithmenos
Elyvilon
Fedhas
Gozag
Hepliaklqana
Makhleb
Nemelex Xobeh
Okawaru
Qazlal
Ru
Sif Muna
Trog
Vehumet
Wu Jian
Xom
Yredelemnul
Zin
The Shining One

Shops:
D:2 [   D:7 *


Innate Abilities, Weirdness & Mutations

You have a pair of horns on your head.
You reflexively headbutt those who attack you in melee.


Message History

You kill the white imp!
Trog accepts your kill.
No target in view!
Found a hand axe.
You see here a +0 hand axe.
Found an escape hatch in the floor.
You now have 221 gold pieces (gained 15).
Key pressed, stopping explore.
Found a stone staircase leading down.
A skeletal warrior comes into view. It is wielding a +0 halberd.
A skeletal warrior comes into view. It is wielding a +0 flail.
The skeletal warrior barely misses you. You furiously retaliate!
You headbutt the skeletal warrior, but do no damage.
You slash the skeletal warrior!
The skeletal warrior is moderately damaged.
The skeletal warrior hits you with a +0 halberd!
You hit the skeletal warrior but do no damage.
The skeletal warrior is moderately damaged.
The skeletal warrior hits you but does no damage.
You slash the skeletal warrior!
The skeletal warrior is heavily damaged.
You hit the skeletal warrior.
The skeletal warrior hits you with a +0 halberd!
The skeletal warrior hits you with a +0 flail!
You hit the skeletal warrior but do no damage.
The skeletal warrior is heavily damaged.
You hit the skeletal warrior but do no damage.
The skeletal warrior hits you but does no damage.
The skeletal warrior hits you with a +0 flail!
You hit the skeletal warrior but do no damage.
You headbutt the skeletal warrior.
The skeletal warrior is heavily damaged.
You hit the skeletal warrior but do no damage.
The skeletal warrior hits you with a +0 halberd!
The skeletal warrior hits you with a +0 flail!
* * * LOW HITPOINT WARNING * * *
As you read the scroll of teleportation, it crumbles to dust.
You feel strangely unstable.
The skeletal warrior hits you with a +0 halberd!!
You die...

#.#.#####.###..#..##............
#.#.......).<..#..............#.
#.#######.))...##.##..........#.
#..............##.##..........#.
#############..##.##############
#...##.######## #
#.)...........# #
#.##..........# # #@.........# #
......zz#.######## # ......###.#
# ...... #.# ##### #.# #.# #.#
.#


You could see 2 skeletal warriors.

Vanquished Creatures
  A skeletal warrior (D:8)
  Prince Ribbit (D:5)
  A wyvern (D:7)
  Edmund (D:6)
  A water moccasin (D:6)
  An ice beast (D:7)
  An orc warrior (D:6)
  3 sky beasts
  2 ogres
  2 centaurs
  A necrophage (D:8)
  3 phantoms
  A kobold brigand (D:8)
  A scorpion (D:4)
  2 wyvern skeletons (D:7)
  5 killer bees (D:6)
  3 wights (D:6)
  6 hounds
  Crazy Yiuf (D:2)
  3 bullfrog skeletons
  2 orc priests
  An iguana (D:5)
  An orc wizard (D:8)
  A killer bee zombie (D:7)
  2 adders (D:4)
  4 gnolls (D:2)
  A white imp (D:8)
  3 worms
  16 orcs
  4 ball pythons
  6 endoplasms
  2 giant cockroaches
  9 goblins
  4 hobgoblins
  3 jackals (D:1)
  5 quokkas
  6 bats
  4 frilled lizards (D:1)
  8 kobolds
  10 rats
132 creatures vanquished.

Vanquished Creatures (others)
  An orc wizard (D:8)
  An orc (D:8)
  A kobold (D:8)
3 creatures vanquished.

Grand Total: 135 creatures vanquished

Notes
Turn   | Place    | Note
-------+----------+-------------------------------------------
     0 | D:1      | Leshista the Minotaur Berserker began the quest for the
                  | Orb.
     0 | D:1      | Reached XP level 1. HP: 19/19 MP: 0/0
   203 | D:1      | Reached XP level 2. HP: 23/27 MP: 1/1
   207 | D:1      | Reached skill level 4 in Axes
   733 | D:1      | Noticed a golden eye
   737 | D:1      | Found a faded altar of an unknown god.
   738 | D:1      | Noticed a floating eye
   738 | D:1      | Noticed a golden eye
   738 | D:1      | Noticed an eye of devastation
   747 | D:1      | Reached ** piety under Trog
   961 | D:2      | Reached XP level 3. HP: 33/33 MP: 2/2
  1148 | D:2      | Reached XP level 4. HP: 28/41 MP: 1/3
  1424 | D:2      | Found Wacrar's Armour Boutique.
  1488 | D:2      | Reached skill level 5 in Axes
  1650 | D:2      | Found a runed translucent door.
  1651 | D:2      | Noticed Crazy Yiuf
  1658 | D:2      | Killed Crazy Yiuf
  2182 | D:3      | Found a white marble altar of Elyvilon.
  2230 | D:3      | Found a stormy altar of Qazlal.
  2772 | D:4      | Reached *** piety under Trog
  2774 | D:4      | Reached XP level 5. HP: 47/47 MP: 4/4
  2908 | D:4      | Reached skill level 5 in Fighting
  2908 | D:4      | Reached skill level 6 in Axes
  2908 | D:4      | Reached XP level 6. HP: 52/56 MP: 5/5
  2993 | D:4      | Reached skill level 5 in Armour
  3315 | D:4      | Noticed a sky beast
  3341 | D:4      | Killed a sky beast
  3342 | D:4      | Reached skill level 7 in Axes
  3342 | D:4      | Reached XP level 7. HP: 26/61 MP: 1/6
  3554 | D:5      | Entered Level 5 of the Dungeon
  3790 | D:5      | Reached skill level 8 in Axes
  3828 | D:5      | Noticed Prince Ribbit
  3838 | D:5      | Killed Prince Ribbit
  3839 | D:5      | Reached XP level 8. HP: 70/70 MP: 7/7
  3944 | D:5      | Reached skill level 9 in Axes
  4489 | D:5      | Found a radiant altar of Vehumet.
  4997 | D:6      | Found a staircase to the Ecumenical Temple.
  5858 | D:6      | Reached skill level 10 in Axes
  5858 | D:6      | Reached XP level 9. HP: 72/79 MP: 8/8
  5864 | Temple   | Entered the Ecumenical Temple
  6265 | D:6      | Noticed Edmund
  6275 | D:6      | Killed Edmund
  6589 | D:7      | Found Cubremyg's General Store.
  6598 | D:7      | Bought a scroll of identify for 26 gold pieces
  6598 | D:7      | Bought a scroll of enchant weapon for 97 gold pieces
  7326 | D:8      | Reached skill level 1 in Shields
  7326 | D:8      | Noticed a skeletal warrior
  7340 | D:8      | Killed a skeletal warrior
  7341 | D:8      | Reached skill level 11 in Axes
  7341 | D:8      | Reached skill level 10 in Armour
  7559 | D:8      | Reached **** piety under Trog
  7902 | D:8      | Noticed a skeletal warrior
  7903 | D:8      | Noticed a skeletal warrior
  7911 | D:8      | Slain by a skeletal warrior

Illustrated notes

Levels and vault maps discovered:
D:1:      dpeg_arrival_ratfight, layout_basic,
          hellmonk_ecumenical_altar_watching_god
D:2:      layout_loops_ring, serial_shops, shop_statue, uniq_crazy_yiuf_cottage
D:3:      layout_loops_ring, mainiacjoe_overflow_catch_the_wave
D:4:      layout_loops_ring
D:5:      layout_basic, mainiacjoe_overflow_alcove_4, minivault_11,
          chequers_garden, uniq_prince_ribbit1
D:6:      layout_basic, minmay_temple_entry_glassed_door, uniq_edmund
D:7:      layout_loops_corners, serial_shops, nicolae_shop_advertising_works
          [nicolae_subvault_shop_adworks], minmay_tree_intersection,
          dk_noncrumbling_4, eino_tiny_chamber
D:8:      layout_basic, serial_glass, glass_columns_a, glass_columns_a
Temple:   regret_index_temple_sphere_string

Skill      XL: |  1  2  3  4  5  6  7  8  9 |
---------------+----------------------------+-----
Axes           | 4 5 6 7 8 10 11 | 11.4
Fighting       | 4 5 6 7 |  7.9
Armour         | 3 4 5 6 8 10 | 10.1
Dodging        | 3 |  3.0
Shields        | 2 |  2.1

Action                   |  1- 3 |  4- 6 |  7- 9 || total
-------------------------+-------+-------+-------++-------
Melee: Hand axe          |    62 |   107 |   153 ||   322
       Headbutt          |     6 |    16 |    37 ||    59
       Punch             |     1 |       |     1 ||     2
       War axe           |       |       |    88 ||    88
Invok: Berserk           |     1 |     1 |     2 ||     4
       Trog's Hand       |       |     1 |     1 ||     2
  Use: Scroll            |       |     9 |     8 ||    17
       Potion            |       |       |     4 ||     4
Armor: Chain mail        |    20 |    23 |       ||    43
       Animal skin       |     2 |       |       ||     2
       Plate armour      |       |    41 |   173 ||   214
Dodge: Dodged            |    41 |    36 |   106 ||   183
Block: Kite shield       |       |       |    15 ||    15
